 Dungeon Crawl Stone Soup version 0.31-a0-865-g3d5d91748a (webtiles) character file.

Game seed: 2909963597670870512

37 croobank the Covert (level 3, -1/35 HPs)
             Began as a Gnoll Delver on Oct 10, 2023.
             Slain by a hound (5 damage)
             ... on level 5 of the Dungeon.
             The game lasted 00:01:29 (118 turns).

croobank the Covert (Gnoll Delver)                   Turns: 118, Time: 00:01:29

Health: -1/35      AC:  3    Str: 11    XL:     3   Next: 39%
Magic:  4/4        EV: 13    Int: 11    God:
Gold:   27         SH:  0    Dex: 13    Spells: 3/3 levels left

rFire   . . .        a - +0 short sword
rCold   . . .        (no shield)
rNeg    . . .        b - +0 leather armour
rPois   .            (no helmet)
rElec   .            (no cloak)
rCorr   .            (no gloves)
SInv    .            (no boots)
Will    .....        (no amulet)
Stlth   ++++         (no ring)
HPRegen 0.25/turn    (no ring)
MPRegen 0.09/turn

%: no passive effects
@: hasted, very quick
A: fangs 1, strong nose, distributed training
a: no special abilities


You were on level 5 of the Dungeon.
You visited 1 branch of the dungeon, and saw 1 of its levels.

You collected 27 gold pieces.

Inventory:

Hand Weapons
 a - a +0 short sword (weapon)
 i - a +0 dagger
Armour
 b - a +0 leather armour (worn)
Wands
 g - a wand of digging (3)
Scrolls
 d - a scroll of revelation
Potions
 j - a potion of heal wounds {unknown}


   Skills:
 + Level 6.5 Fighting
 + Level 4.5 Short Blades
 + Level 0.8 Long Blades
 + Level 0.8 Axes
 + Level 0.8 Maces & Flails
 + Level 0.8 Polearms
 + Level 0.8 Staves
 + Level 0.8 Ranged Weapons
 + Level 0.8 Throwing
 + Level 0.8 Armour
 + Level 4.5 Dodging
 + Level 9.6 Stealth
 + Level 0.8 Shields
 + Level 0.8 Unarmed Combat
 + Level 0.8 Spellcasting
 + Level 0.5 Conjurations
 + Level 0.5 Hexes
 + Level 0.5 Summonings
 + Level 0.5 Necromancy
 + Level 0.5 Translocations
 + Level 0.5 Transmutations
 + Level 0.5 Fire Magic
 + Level 0.5 Ice Magic
 + Level 0.5 Air Magic
 + Level 0.5 Earth Magic
 + Level 0.5 Poison Magic
 + Level 1.0 Invocations
 + Level 0.8 Evocations
 + Level 0.7 Shapeshifting


You had 3 spell levels left.
You didn't know any spells.
Your spell library was empty.

Dungeon Overview and Level Annotations

Branches:
Dungeon (5/15)
 Temple: D:4-7

Altars:


Innate Abilities, Weirdness & Mutations

You have very sharp teeth.
Your uncanny sense of smell can sniff out nearby items.
Your experience applies equally to all skills.


Message History

* * * LOW HITPOINT WARNING * * *
As you read the scroll labelled MOJAGG ANEMYO, it crumbles to dust.
You feel strangely unstable.
It was a scroll of teleportation.
The phantom closely misses you.
Your surroundings suddenly seem different.
An ogre comes into view. It is wielding a +0 giant spiked club.
The ogre shouts!
As you read the scroll of fear, it crumbles to dust.
You assume a fearsome visage.
The ogre looks frightened!
A scorpion comes into view.
An iguana comes into view.
The iguana hisses angrily.
An adder comes into view.
A hound comes into view.
The adder hisses angrily.
The hound moves out of view.
Found a viscous brown potion.
A phantom comes into view.
As you read the scroll of fog, it dissolves into smoke.
The adder closely misses you. The iguana bites you.
You barely miss the scorpion. You hit the iguana.
The iguana is lightly wounded.
The scorpion stings you.
* * * LOW HITPOINT WARNING * * *
The adder misses you. The iguana attacks as it pursues you!
The iguana closely misses you. The scorpion attacks as it pursues you!
The scorpion stings you.
* * * LOW HITPOINT WARNING * * *
The adder barely misses you.
The iguana hisses menacingly.
The scorpion stings you.
* * * LOW HITPOINT WARNING * * *
Found a stone staircase leading up.
The iguana attacks as it pursues you!
The iguana bites you but does no damage.
The iguana hisses menacingly.
The hound attacks as it pursues you! The hound misses you.
There is a stone staircase leading up here.
The hound bites you.
You die...

♣#.........#..######
W.....W.####....#
♣#......# ###..#
##...§.§####.#..###### .
......§§§§.........#.#..
.....##§§§§...s.........
.....###§§§§.l......##
.....#..§§§.###Sh.#.#
.........§§.# ##@.# #
........##..###.....#
.......#.#....##....#
...###.#s..##......## ..
##.....##...#### .
#.........!# .
###..#......#
..#.##.##.##.#
........### #


You could see a scorpion, an iguana, a hound and an adder.

Vanquished Creatures
  A hound (D:5)
  An adder (D:5)
2 creatures vanquished.

Notes
Turn   | Place    | Note
-------+----------+-------------------------------------------
     0 | D:5      | Reached skill level 9 in Stealth
     0 | D:5      | croobank the Gnoll Delver began the quest for the Orb.
     0 | D:5      | Reached XP level 1. HP: 23/23 MP: 1/1
    32 | D:5      | Reached XP level 2. HP: 29/29 MP: 2/2
    63 | D:5      | Noticed a phantom
    67 | D:5      | Reached skill level 1 in Invocations
    67 | D:5      | Reached XP level 3. HP: 35/35 MP: 2/4
    89 | D:5      | Noticed an ogre
    96 | D:5      | Noticed a scorpion
   104 | D:5      | Noticed a phantom
   118 | D:5      | Slain by a hound

Illustrated notes

Levels and vault maps discovered:
D:5:      layout_cave_pools, hex_medium, chequers_serial_rivers_micro_c,
          grunt_ministairs_8

Skill      XL: |  1  2 |
---------------+-------+-----
Stealth        | |  9.6
Invocations    | 1 |  1.0
Fighting       | |  6.5
Short Blades   | |  4.5
Long Blades    | |  0.8
Axes           | |  0.8
Maces & Flails | |  0.8
Polearms       | |  0.8
Staves         | |  0.8
Ranged Weapons | |  0.8
Throwing       | |  0.8
Armour         | |  0.8
Dodging        | |  4.5
Shields        | |  0.8
Unarmed Combat | |  0.8
Spellcasting   | |  0.8
Conjurations   | |  0.5
Hexes          | |  0.5
Summonings     | |  0.5
Necromancy     | |  0.5
Translocations | |  0.5
Transmutations | |  0.5
Fire Magic     | |  0.5
Ice Magic      | |  0.5
Air Magic      | |  0.5
Earth Magic    | |  0.5
Poison Magic   | |  0.5
Evocations     | |  0.8
Shapeshifting  | |  0.7

Action                     || total
---------------------------++-------
  Melee: Short sword       ||    18
         Bite              ||     1
    Use: Scroll            ||     3
         Potion            ||     1
   Stab: Sleeping          ||     2
 Armour: Leather armour    ||    12
  Dodge: Dodged            ||     9

Table legend: (Time is in decaauts)
 A = Elapsed time spent in this place.
 B = Non-inter-level travel time spent in this place.
 C = Inter-level travel time spent in this place.
 D = Time resting spent in this place.
 E = Time spent auto-exploring this place.
 F = Levels seen in this place.
 G = Mean time per level.
                   A        B        C        D        E       F      G
               +--------+--------+--------+--------+--------+-----+--------+
         Total |     99 |     99 |      0 |      3 |      0 |   1 |   99.0 |
       Dungeon |     99 |     99 |      0 |      3 |      0 |   1 |   99.0 |
               +--------+--------+--------+--------+--------+-----+--------+

Top non-repeatable levels by time:
     D:5: 99 daAuts
